NYP
ROME BRAVES @ MILWAUKEE (NYP) BREWERS
08/29/2047
 
TOP OF THE 1ST
Rome Braves batting - Pitching for Milwaukee (NYP) Brewers : RHP Settan Suzuki
Pitching: RHP Settan Suzuki
Batting: RHB Gebre-Giorgios Wangondu 0-0: Ball
1-0: Swinging Strike
1-1: Ball
2-1: Foul Ball, location: 2F
2-2: Foul Ball, location: 2F
2-2: Foul Ball, location: 2F
2-2: Ground out 4-3 (Groundball, 4, EV 81.9 MPH)
Batting: RHB Costantino Dolfini 0-0: Called Strike
0-1: Foul Ball, location: 2F
0-2: Strikes out looking
Batting: LHB Tamaichi Sasada 0-0: SINGLE (Flyball, 4MD, EV 90.0 MPH)
Batting: RHB Josh McCormick 0-0: Foul Ball, location: 2F
0-1: Foul Ball, location: 2F
0-2: Ball
1-2: Foul Ball, location: 2F
1-2: Foul Ball, location: 2F
1-2: Ball
2-2: Strikes out looking
Top of the 1st over - 0 runs, 1 hit, 0 errors, 1 left on base; Rome 0 - Milwaukee (NYP) 0
BOTTOM OF THE 1ST
Milwaukee (NYP) Brewers batting - Pitching for Rome Braves : LHP Aaron Manees
Pitching: LHP Aaron Manees
Batting: RHB Chris Maul 0-0: Swinging Strike
0-1: Ground out 5-3 (Groundball, 56, EV 86.2 MPH)
Batting: LHB Tyler Francis 0-0: Ground out 3-1 (Groundball, 34, EV 100.6 MPH)
Batting: RHB Ryan Miller 0-0: Called Strike
0-1: Ball
1-1: Ball
2-1: Foul Ball, location: 2F
2-2: Ball
3-2: Ground out 4-3 (Groundball, 4M, EV 86.2 MPH)
Bottom of the 1st over - 0 runs, 0 hits, 0 errors, 0 left on base; Rome 0 - Milwaukee (NYP) 0
TOP OF THE 2ND
Rome Braves batting - Pitching for Milwaukee (NYP) Brewers : RHP Settan Suzuki
Batting: RHB Tim Molchan 0-0: Ball
1-0: Called Strike
1-1: Ball
2-1: Swinging Strike
2-2: Ball
3-2: Fly out, F8 (Flyball, 8RM, EV 90.0 MPH)
Batting: RHB Dave Pizarro 0-0: Foul Ball, location: 2F
0-1: Ball
1-1: Ball
2-1: Foul Ball, location: 2F
2-2: Ground out 4-3 (Groundball, 4, EV 90.0 MPH)
Batting: RHB Adonis Jenifer 0-0: Called Strike
0-1: Ball
1-1: Swinging Strike
1-2: Ball
2-2: Ball
3-2: Base on Balls
Batting: RHB Alex Campos 0-0: Ball
1-0: Foul Ball, location: 2F
1-1: Called Strike
1-2: Ball
2-2: Ball
3-2: Base on Balls
Adonis Jenifer to second
Batting: RHB Vicente Guillen 0-0: DOUBLE (Groundball, 5L, EV 110.0 MPH)
Adonis Jenifer scores
Alex Campos to third
Runner from 3rd tries for Home, SAFE, no throw by LF
Batting: RHB Gebre-Giorgios Wangondu 0-0: Called Strike
0-1: Fly out, F2 (Popup, 3SF, EV 80.0 MPH)
Top of the 2nd over - 2 runs, 1 hit, 0 errors, 1 left on base; Rome 2 - Milwaukee (NYP) 0
BOTTOM OF THE 2ND
Milwaukee (NYP) Brewers batting - Pitching for Rome Braves : LHP Aaron Manees
Batting: RHB Victor Alarcon 0-0: Called Strike
0-1: Ground out 1-3 (Groundball, 13S, EV 69.4 MPH)
Batting: SHB Aaron Neill 0-0: Ball
1-0: Foul Ball, location: 2F
1-1: SINGLE (Groundball, 56D, EV 94.4 MPH)
Batting: RHB Jose Cerritos 0-0: Fly out, F4 (Popup, 34, EV 69.4 MPH)
Batting: SHB Ramon Perez 0-0: Called Strike
0-1: Called Strike
Aaron Neill steals 2nd base
0-2: Ball
1-2: Ball
2-2: Ball
3-2: Ground out 6-3 (Groundball, 6, EV 88.1 MPH)
Bottom of the 2nd over - 0 runs, 1 hit, 0 errors, 1 left on base; Rome 2 - Milwaukee (NYP) 0
TOP OF THE 3RD
Rome Braves batting - Pitching for Milwaukee (NYP) Brewers : RHP Settan Suzuki
Batting: RHB Costantino Dolfini 0-0: Ball
1-0: Ground out 4-3 (Groundball, 4S, EV 89.4 MPH)
Batting: LHB Tamaichi Sasada 0-0: Ball
1-0: Called Strike
1-1: Called Strike
1-2: Ground out 1-3 (Groundball, 15S, EV 65.0 MPH)
Batting: RHB Josh McCormick 0-0: Called Strike
0-1: Ball
1-1: Ball
2-1: Called Strike
2-2: Foul Ball, location: 2F
2-2: Strikes out swinging
Top of the 3rd over - 0 runs, 0 hits, 0 errors, 0 left on base; Rome 2 - Milwaukee (NYP) 0
BOTTOM OF THE 3RD
Milwaukee (NYP) Brewers batting - Pitching for Rome Braves : LHP Aaron Manees
Batting: RHB Michael Dickerson 0-0: Foul Ball, location: 2F
0-1: Foul Ball, location: 2F
0-2: Ball
1-2: Ball
2-2: Strikes out swinging
Batting: RHB Justin Marino 0-0: Called Strike
0-1: SINGLE (Groundball, 34D, EV 108.1 MPH)
Batting: RHB Chris Maul 0-0: Ball
1-0: Ball
2-0: TRIPLE (Groundball, 5L, EV 106.2 MPH)
Justin Marino scores
Batting: LHB Tyler Francis 0-0: Called Strike
0-1: Ball
1-1: Foul Ball, location: 2F
1-2: Foul Ball, location: 2F
1-2: Ball
2-2: Fly out, F7 (Flyball, 7D, EV 89.4 MPH)
Runner from 3rd tags up, SCORES, throw by LF
Batting: RHB Ryan Miller 0-0: Called Strike
0-1: Fly out, F8 (Line Drive, 8LM, EV 101.2 MPH)
Bottom of the 3rd over - 2 runs, 2 hits, 0 errors, 0 left on base; Rome 2 - Milwaukee (NYP) 2
TOP OF THE 4TH
Rome Braves batting - Pitching for Milwaukee (NYP) Brewers : RHP Settan Suzuki
Batting: RHB Tim Molchan 0-0: Swinging Strike
0-1: Ball
1-1: Ball
2-1: Foul Ball, location: 2F
2-2: Foul Ball, location: 2F
2-2: Strikes out swinging
Batting: RHB Dave Pizarro 0-0: Called Strike
0-1: Swinging Strike
0-2: Ball
1-2: Strikes out looking
Batting: RHB Adonis Jenifer 0-0: Ball
1-0: Ball
2-0: Ball
3-0: Called Strike
3-1: Base on Balls
Batting: RHB Alex Campos 0-0: Ball
1-0: SINGLE (Groundball, 5S, EV 68.1 MPH) (infield hit)
Adonis Jenifer to second
Batting: RHB Vicente Guillen 0-0: Ground out 1-3 (Groundball, 13S, EV 63.8 MPH)
Top of the 4th over - 0 runs, 1 hit, 0 errors, 2 left on base; Rome 2 - Milwaukee (NYP) 2
BOTTOM OF THE 4TH
Milwaukee (NYP) Brewers batting - Pitching for Rome Braves : LHP Aaron Manees
Batting: RHB Victor Alarcon 0-0: Foul Ball, location: 2F
0-1: Ball
1-1: Ground out 5-3 (Groundball, 56, EV 84.4 MPH)
Batting: SHB Aaron Neill 0-0: Ground out 5-3 (Groundball, 56, EV 80.0 MPH)
Batting: RHB Jose Cerritos 0-0: Ball
1-0: Ball
2-0: SINGLE (Line Drive, 9S, EV 95.6 MPH)
Batting: SHB Ramon Perez 0-0: Ball
1-0: Ball
2-0: Ball
3-0: Base on Balls
Jose Cerritos to second
Batting: RHB Michael Dickerson 0-0: SINGLE (Flyball, 4D, EV 86.9 MPH)
Jose Cerritos to third
Ramon Perez to second
Runner from 3rd tries for Home, SAFE, throw by CF to home
Batting: RHB Justin Marino 0-0: Ball
1-0: Ball
2-0: Hit by Pitch
Ramon Perez to third
Michael Dickerson to second
Batting: RHB Chris Maul 0-0: Called Strike
0-1: Ball
1-1: Swinging Strike
1-2: Foul Ball, location: 2F
1-2: Strikes out swinging
Bottom of the 4th over - 1 run, 2 hits, 0 errors, 3 left on base; Rome 2 - Milwaukee (NYP) 3
TOP OF THE 5TH
Rome Braves batting - Pitching for Milwaukee (NYP) Brewers : RHP Settan Suzuki
Batting: RHB Gebre-Giorgios Wangondu 0-0: Called Strike
0-1: Ground out 6-3 (Groundball, 56D, EV 108.8 MPH)
Batting: RHB Costantino Dolfini 0-0: Foul Ball, location: 2F
0-1: Swinging Strike
0-2: Strikes out swinging
Pitching: LHP Baltwin van Vliet
Batting: LHB Tamaichi Sasada 0-0: Ball
1-0: Foul Ball, location: 2F
1-1: Foul Ball, location: 2F
1-2: Ball
2-2: Strikes out swinging, 2-3 out at first.
Top of the 5th over - 0 runs, 0 hits, 0 errors, 0 left on base; Rome 2 - Milwaukee (NYP) 3
BOTTOM OF THE 5TH
Milwaukee (NYP) Brewers batting - Pitching for Rome Braves : LHP Aaron Manees
Batting: LHB Tyler Francis 0-0: Fly out, F5 (Popup, 5SF, EV 83.1 MPH)
Batting: RHB Ryan Miller 0-0: SINGLE (Groundball, 34S, EV 64.4 MPH) (infield hit)
Batting: RHB Victor Alarcon 0-0: Swinging Strike
0-1: Ball
1-1: Ball
2-1: Swinging Strike
2-2: Strikes out swinging
Batting: SHB Aaron Neill 0-0: Ball
1-0: Ball
2-0: DOUBLE (Line Drive, 78D, EV 106.2 MPH)
Ryan Miller to third
Batting: RHB Jose Cerritos 0-0: Called Strike
0-1: Swinging Strike
0-2: Ball
1-2: Ball
2-2: SINGLE (Groundball, 56D, EV 93.8 MPH)
Ryan Miller scores
Aaron Neill to third
Runner from 3rd tries for Home, SAFE, throw by LF to home
Pitching: RHP Bobby Feig
Batting: SHB Ramon Perez 0-0: Ball
1-0: Called Strike
Jose Cerritos steals 2nd base
1-1: Swinging Strike
1-2: DOUBLE (Groundball, 3L, EV 95.0 MPH)
Jose Cerritos scores
Batting: RHB Michael Dickerson 0-0: Foul Ball, location: 2F
0-1: Called Strike
0-2: Strikes out swinging
Bottom of the 5th over - 3 runs, 4 hits, 0 errors, 1 left on base; Rome 2 - Milwaukee (NYP) 6
TOP OF THE 6TH
Rome Braves batting - Pitching for Milwaukee (NYP) Brewers : LHP Baltwin van Vliet
Batting: RHB Josh McCormick 0-0: Called Strike
0-1: Ball
1-1: Called Strike
1-2: Ball
2-2: Ball
3-2: Base on Balls
Batting: RHB Tim Molchan 0-0: Swinging Strike
0-1: Foul Ball, location: 2F
0-2: Foul Ball, location: 2F
0-2: Strikes out swinging
Batting: RHB Dave Pizarro 0-0: Ball
1-0: Foul Ball, location: 2F
1-1: Ball
2-1: Ball
3-1: Called Strike
3-2: Fly out, F8 (Line Drive, 8LD, EV 104.4 MPH)
Batting: RHB Adonis Jenifer 0-0: Ball
1-0: Ground out 4-3 (Groundball, 4, EV 83.8 MPH)
Top of the 6th over - 0 runs, 0 hits, 0 errors, 1 left on base; Rome 2 - Milwaukee (NYP) 6
BOTTOM OF THE 6TH
Milwaukee (NYP) Brewers batting - Pitching for Rome Braves : RHP Bobby Feig
Batting: RHB Justin Marino 0-0: Ball
1-0: Foul Ball, location: 2F
1-1: Ball
2-1: Called Strike
2-2: Ball
3-2: Base on Balls
Batting: RHB Chris Maul 0-0: Foul Ball, location: 2F
0-1: Ball
1-1: Foul Ball, location: 2F
1-2: Grounds into double play, 3-6-3 (Groundball, 3, EV 104.4 MPH)
Batting: LHB Tyler Francis 0-0: Called Strike
0-1: Foul Ball, location: 2F
0-2: Strikes out swinging
Bottom of the 6th over - 0 runs, 0 hits, 0 errors, 0 left on base; Rome 2 - Milwaukee (NYP) 6
TOP OF THE 7TH
Rome Braves batting - Pitching for Milwaukee (NYP) Brewers : LHP Baltwin van Vliet
Batting: RHB Alex Campos 0-0: Foul Ball, location: 2F
0-1: Swinging Strike
0-2: Strikes out swinging
Batting: RHB Vicente Guillen 0-0: Reached on error, E5 (Groundball, 56S, EV 70.0 MPH)
Batting: RHB Gebre-Giorgios Wangondu 0-0: Ball
1-0: Swinging Strike
1-1: 2-RUN HOME RUN (Line Drive, 9D, EV 96.9 MPH), Distance : 370 ft
Batting: RHB Costantino Dolfini 0-0: Ground out 2-3 (Groundball, 2L, EV 75.0 MPH)
Batting: LHB Tamaichi Sasada 0-0: Foul Ball, location: 2F
0-1: SINGLE (Line Drive, 9LS, EV 98.8 MPH)
Batting: RHB Josh McCormick 0-0: Swinging Strike
0-1: Foul Ball, location: 2F
0-2: Foul Ball, location: 2F
0-2: Ball
1-2: Strikes out looking
Top of the 7th over - 2 runs, 2 hits, 1 error, 1 left on base; Rome 4 - Milwaukee (NYP) 6
BOTTOM OF THE 7TH
Milwaukee (NYP) Brewers batting - Pitching for Rome Braves : RHP Bobby Feig
Batting: RHB Ryan Miller 0-0: Called Strike
0-1: TRIPLE (Flyball, 89XD, EV 93.8 MPH)
Batting: RHB Victor Alarcon 0-0: Ball
1-0: Called Strike
1-1: Foul Ball, location: 2F
1-2: Strikes out swinging
Batting: SHB Aaron Neill 0-0: Intentional Walk
Batting: RHB Jose Cerritos 0-0: Ball
Aaron Neill steals 2nd base
1-0: Ball
2-0: Fly out, F4 (Line Drive, 4, EV 67.5 MPH)
Pitching: LHP Steve Young
Batting: SHB Ramon Perez 0-0: Called Strike
0-1: Swinging Strike
0-2: Ball
1-2: Strikes out swinging
Bottom of the 7th over - 0 runs, 1 hit, 0 errors, 2 left on base; Rome 4 - Milwaukee (NYP) 6
TOP OF THE 8TH
Rome Braves batting - Pitching for Milwaukee (NYP) Brewers : LHP Baltwin van Vliet
Batting: RHB Tim Molchan 0-0: Ball
1-0: Ball
2-0: Swinging Strike
2-1: SINGLE (Groundball, 3D, EV 93.8 MPH)
Batting: RHB Dave Pizarro 0-0: Foul Ball, location: 2F
0-1: Called Strike
0-2: Fielders Choice at 2nd, 4-6 (Groundball, 4, EV 83.8 MPH)
Batting: RHB Adonis Jenifer 0-0: Called Strike
0-1: Ball
1-1: Called Strike
1-2: Foul Ball, location: 2F
1-2: Ball
2-2: Strikes out swinging
Pitching: RHP Marcus Jackson
Batting: RHB Alex Campos 0-0: Called Strike
0-1: Swinging Strike
0-2: Foul Ball, location: 2F
0-2: Strikes out swinging
Top of the 8th over - 0 runs, 1 hit, 0 errors, 1 left on base; Rome 4 - Milwaukee (NYP) 6
BOTTOM OF THE 8TH
Milwaukee (NYP) Brewers batting - Pitching for Rome Braves : LHP Steve Young
Batting: RHB Michael Dickerson 0-0: Ball
1-0: Foul Ball, location: 2F
1-1: Foul Ball, location: 2F
1-2: Strikes out swinging
Batting: RHB Justin Marino 0-0: Called Strike
0-1: Ball
1-1: Ball
2-1: Foul Ball, location: 2F
2-2: Strikes out swinging
Batting: RHB Chris Maul 0-0: Ball
1-0: SINGLE (Flyball, 89S, EV 93.8 MPH)
Batting: LHB Tyler Francis 0-0: Ball
1-0: Ball
Chris Maul steals 2nd base
2-0: Ball
3-0: Called Strike
3-1: Foul Ball, location: 2F
3-2: Strikes out swinging
Bottom of the 8th over - 0 runs, 1 hit, 0 errors, 1 left on base; Rome 4 - Milwaukee (NYP) 6
TOP OF THE 9TH
Rome Braves batting - Pitching for Milwaukee (NYP) Brewers : RHP Marcus Jackson
Pitching: LHP Bryan Gagnon
Batting: RHB Vicente Guillen 0-0: Ground out 4-3 (Groundball, 4, EV 90.0 MPH)
Batting: RHB Gebre-Giorgios Wangondu 0-0: Swinging Strike
0-1: Ball
1-1: Ball
2-1: Foul Ball, location: 2F
2-2: Ball
3-2: Strikes out looking
Batting: RHB Costantino Dolfini 0-0: Ball
1-0: Ball
2-0: Called Strike
2-1: Ball
3-1: Called Strike
3-2: Ground out 6-3 (Groundball, 6, EV 77.5 MPH)
Top of the 9th over - 0 runs, 0 hits, 0 errors, 0 left on base; Rome 4 - Milwaukee (NYP) 6
Thursday, December 15th , 2022 - OOTP Baseball 23.9 Build 102